Rangers vs Avalanche (R1)

Created - October 25, 2018 at 22:12

Goals
1 2 3 OT1 T
Rangers 0 4 1 1 6
Avalanche 1 2 2 0 5
Shots
1 2 3 OT1 T
Rangers 6 13 8 1 28
Avalanche 9 7 16 2 34

1st period

1. Avalanche , Brandon Yip 3 (Jack Johnson 4) at 13:43

Penalties :
Johnny Boychuk (Col) for Hooking (Minor) at 6:47, Jakob Silfverberg (NYR) for Hooking (Minor) at 7:58, Patrice Bergeron (NYR) for Holding (Minor) at 10:16, Paul Stastny (Col) for Interference (Minor) at 14:04, Greg Campbell (Col) for Slashing (Minor) at 18:33, Andrew Ladd (Col) for Interference (Minor) at 19:06, Magnus Paajarvi-Svensson (NYR) for Delaying the game (Minor) at 0:00

2nd period

2. Rangers , Matt Read 4 (Sean Couturier 3) at 1:09 (SH)
3. Rangers , Patrice Bergeron 2 (Mark Fistric 4, Frederik Andersen) at 1:33 (SH)
4. Avalanche , Mikkel Boedker 3 (Dan Boyle 1, Bryan Little 5) at 3:53
5. Rangers , Milan Lucic 4 (Jakob Silfverberg 3, Patrice Bergeron 4) at 7:43
6. Rangers , Sean Couturier 1 (Matt Greene 1, Milan Lucic 4) at 15:25 (SH)
7. Avalanche , Mikkel Boedker 4 (Corey Perry 3, Bryan Little 6) at 19:23 (PP)

Penalties :
Artem Anisimov (NYR) for Holding (Minor) at 10:09, Jakob Silfverberg (NYR) for Interference (Minor) at 14:52, Mark Fistric (NYR) for Hooking (Minor) at 19:12

3rd period

8. Avalanche , Paul Stastny 1 (Andrei Kostitsyn 4) at 7:29 (PP)
9. Rangers , Sean Couturier 2 (Magnus Paajarvi-Svensson 2, James Neal 2) at 12:43 (PP)
10. Avalanche , Alexander Radulov 5 (Bryan Little 7, Pernell Karl Subban 1) at 17:46

Penalties :
James Neal (NYR) for Hooking (Minor) at 2:16, Matt Greene (NYR) for Holding (Minor) at 6:58, Mark Fistric (NYR) for Hooking (Minor) at 7:34, Alexei Emelin (NYR) for Roughing (Minor) at 8:34, Jack Johnson (Col) for Interference (Minor) at 11:44, Matt Read (NYR) for Interference (Minor) at 14:01, Paul Stastny (Col) for Interference (Minor) at 15:30

Overtime #1

11. Rangers , Jakob Silfverberg 3 (Sean Couturier 4) at 1:06

Penalties :
No Penalty

Goalie Stats

Frederik Andersen (NYR), 29 saves from 34 shots - (0.853), W, 5-1-0, 61:06 minutes
Semyon Varlamov (Col), 14 saves from 18 shots - (0.778), 35:25 minutes
Roberto Luongo (Col), 8 saves from 10 shots - (0.800), OTL, 2-1-1, 25:41 minutes

Players Stats for Rangers

Player Name              G  A  P  +/- PIM S  H  SB GA TA FO     MP     PP MP  PK MP  
------------------------------------------------------------------------------------
Alex Tanguay             0  0  0  -1  0   2  0  0  0  0  0/0     8:22   0:00   2:20 
Alexei Emelin            0  0  0   1  2   1  0  2  0  0  0/0    10:28   0:00   2:16 
Artem Anisimov           0  0  0  -1  2   1  0  0  0  0  1/2     8:34   0:06   0:14 
Cam Barker               0  0  0   0  0   1  3  3  0  1  0/0    30:33   4:41   8:57 
Chris Bourque            0  0  0  -1  0   3  1  0  0  0  2/2     8:37   0:00   0:38 
Colten Teubert           0  0  0   2  0   0  0  0  0  4  0/0    15:03   0:25   5:28 
Gustav Nyquist           0  0  0  -2  0   1  0  0  0  0  0/0     8:07   0:00   0:00 
Jakob Silfverberg        1  1  2   1  4   2  4  1  0  0  1/7    16:16   4:17   0:43 
James Neal               0  1  1   0  2   1  1  0  3  0  1/1    12:59   2:46   0:00 
Magnus Paajarvi-Svensson 0  1  1   0  2   3  1  0  0  1  0/0    12:50   2:46   0:00 
Mark Fistric             0  1  1   0  4   0  0  1  1  0  0/0    23:04   1:58   7:50 
Matt Greene              0  1  1   2  2   1  2  0  0  2  0/0    17:39   0:00   5:17 
Matt Read                1  0  1   1  2   1  0  0  0  1  0/0    14:01   0:25   7:34 
Milan Lucic              1  1  2   2  0   2  2  0  3  0  0/1    20:40   3:53   3:07 
Patrice Bergeron         1  1  2  -1  2   6  2  2  0  1  20/48  25:05   3:53   7:44 
Ryan Suter               0  0  0   0  0   0  2  3  0  2  0/0    21:14   2:23   0:53 
Sean Couturier           2  2  4   4  0   2  1  1  0  0  5/9    20:02   3:05   5:01 
Stephen Weiss            0  0  0  -1  0   1  3  1  1  0  1/2    12:06   4:41   1:42 

Players Stats for Avalanche

Player Name              G  A  P  +/- PIM S  H  SB GA TA FO     MP     PP MP  PK MP  
------------------------------------------------------------------------------------
Alexander Radulov        1  0  1  -3  0   4  3  0  0  0  2/3    16:44   6:58   0:00 
Andrei Kostitsyn         0  1  1  -3  0   2  3  0  2  1  1/1    18:13   6:58   0:55 
Andrew Ladd              0  0  0   1  2   1  0  0  0  0  6/9    14:11   0:02   3:53 
Brandon Yip              1  0  1   1  0   1  0  0  1  1  0/0    11:36   0:00   1:22 
Bryan Little             0  3  3   1  0   4  3  1  1  0  14/22  18:13   7:57   0:00 
Chuck Kobasew            0  0  0   0  0   0  0  0  0  0  0/0     9:33   0:00   3:54 
Corey Perry              0  1  1   0  0   3  2  0  1  1  5/8    21:31   8:13   1:13 
Dan Boyle                0  1  1   1  0   0  2  0  0  0  0/0    11:47   0:00   0:04 
Greg Campbell            0  0  0   1  2   0  0  0  1  2  3/8    12:28   0:02   1:40 
Jack Johnson             0  1  1  -2  2   1  2  0  2  1  0/0    27:43   9:59   3:18 
Jay Bouwmeester          0  0  0  -1  0   2  0  1  0  1  0/0    23:32  10:25   1:18 
Johnny Boychuk           0  0  0   0  2   1  1  2  0  0  0/0    13:03   0:14   1:59 
Kyle Turris              0  0  0   0  0   1  1  0  0  0  1/1     6:19   0:00   0:42 
Marc Staal               0  0  0  -1  0   0  0  1  0  0  0/0    22:38   4:46   4:57 
Mikkel Boedker           2  0  2   0  0   7  1  0  2  0  2/3    19:51   8:11   0:08 
Paul Stastny             1  0  1  -3  4   5  2  0  1  0  7/17   16:44   6:57   0:00 
Pernell Karl Subban      0  1  1  -1  0   2  1  2  1  1  0/0    23:41   5:12   3:38 
Zach Boychuk             0  0  0   0  0   0  1  0  0  0  0/0     5:37   0:00   0:00 

3 Stars

1 - Sean Couturier (NYR)
2 - Milan Lucic (NYR)
3 - Bryan Little (Col)

Power Play

Rangers - 1 on 6 Attempt(s) - 16.67%
Avalanche - 2 on 11 Attempt(s) - 18.18%

Penalty Kill

Rangers - 9 on 11 Attempt(s) - 81.82% - Score 3 goal in Penalty Kill
Avalanche - 5 on 6 Attempt(s) - 83.33% - Score 0 goal in Penalty Kill

Team Stat

Rangers - Hits : 22 - Faceoff Wins : 31 - Blocked Shots : 14 - Penalty Minutes : 22
Avalanche - Hits : 22 - Faceoff Wins : 41 - Blocked Shots : 7 - Penalty Minutes : 12

Official

Referees : Unknown
Linesman : Unknown

Game Notes

Roberto Luongo enters game at 15:25 of 2nd period

Finance

Level 1 -- Attendance: 6000 (100.00%) -- Ticket Income $534,000
Level 2 -- Attendance: 5000 (100.00%) -- Ticket Income $275,000
Level 3 -- Attendance: 2000 (100.00%) -- Ticket Income $66,000
Level 4 -- Attendance: 3836 (95.90%) -- Ticket Income $88,228
Luxury Box -- Attendance: 806 (80.60%) -- Ticket Income $138,632
Game was played at the Pepsi Center.
Total Attendance: 17642 (98.01%)
Total Ticket Income: $1,101,860
Other Income: $165,279
Total Income: $1,267,139

Rangers

5 vs 5 Forward 
   Center                   Left Wing                Right Wing               Time % Phy DF OF 
 1 Patrice Bergeron         Milan Lucic              Jakob Silfverberg        40     1   2  2  
 2 Sean Couturier           Magnus Paajarvi-Svensson James Neal               30     1   2  2  
 3 Stephen Weiss            Alex Tanguay             Matt Read                20     1   2  2  
 4 Artem Anisimov           Chris Bourque            Gustav Nyquist           10     1   2  2  

5 vs 5 Defense 
   Defense                  Defense                                           Time % Phy DF OF 
 1 Cam Barker               Ryan Suter                                        40     1   2  2  
 2 Mark Fistric             Matt Greene                                       30     1   2  2  
 3 Alexei Emelin            Colten Teubert                                    20     1   2  2  
 4 Cam Barker               Mark Fistric                                      10     1   2  2  

PowerPlay Forward 
   Center                   Left Wing                Right Wing               Time % Phy DF OF 
 1 Patrice Bergeron         Milan Lucic              Jakob Silfverberg        60     1   2  2  
 2 Sean Couturier           Magnus Paajarvi-Svensson James Neal               40     1   2  2  

PowerPlay Defense
   Defense                  Defense                                           Time % Phy DF OF 
 1 Cam Barker               Stephen Weiss                                     60     1   2  2  
 2 Mark Fistric             Ryan Suter                                        40     1   2  2  

Penalty Kill 4 Players Forward 
   Center                   Wing                     Time % Phy DF OF 
 1 Patrice Bergeron         Matt Read                60     1   2  2  
 2 Sean Couturier           Milan Lucic              40     1   2  2  

Penalty Kill 4 Players Defense
   Defense                  Defense                  Time % Phy DF OF 
 1 Cam Barker               Mark Fistric             60     1   2  2  
 2 Colten Teubert           Matt Greene              40     1   2  2  

Penalty Kill - 3 Players Forward 
   Forward                                           Time % Phy DF OF 
 1 Jakob Silfverberg                                 60     1   2  2  
 2 Patrice Bergeron                                  40     1   2  2  

Penalty Kill - 3 Players Defense
   Defense                  Defense                  Time % Phy DF OF 
 1 Colten Teubert           Mark Fistric             60     1   2  2  
 2 Cam Barker               Matt Greene              40     1   2  2  

4 vs 4 Forward 
   Center                   Wing                     Time % Phy DF OF 
 1 Patrice Bergeron         Milan Lucic              60     1   2  2  
 2 Jakob Silfverberg        Sean Couturier           40     1   2  2  

4 vs 4 Defense
   Defense                  Defense                  Time % Phy DF OF 
 1 Ryan Suter               Colten Teubert           60     1   2  2  
 2 Alexei Emelin            Matt Greene              40     1   2  2  

Last Minutes Offensive
   Center                   Left Wing                Right Wing               Defense                  Defense                  
   Milan Lucic              Patrice Bergeron         Jakob Silfverberg        Cam Barker               Mark Fistric             

Last Minutes Defensive
   Center                   Left Wing                Right Wing               Defense                  Defense                  
   Milan Lucic              Patrice Bergeron         Jakob Silfverberg        Cam Barker               Mark Fistric             

Goaltenders
Starting : Frederik Andersen        
Backup : Braden Holtby            

Extra Forwards
Normal : Milan Lucic, Jakob Silfverberg, Patrice Bergeron - PP : Stephen Weiss, James Neal - PK : Patrice Bergeron
Extra Defensemen
Normal : Mark Fistric, Cam Barker, Matt Greene - PP : Mark Fistric - PK : Mark Fistric, Cam Barker
Penalty Shots
Milan Lucic, Jakob Silfverberg, Patrice Bergeron, Stephen Weiss, James Neal

Scratches
None

Avalanche

5 vs 5 Forward 
   Center                   Left Wing                Right Wing               Time % Phy DF OF 
 1 Bryan Little             Mikkel Boedker           Corey Perry              35     1   2  2  
 2 Paul Stastny             Andrei Kostitsyn         Alexander Radulov        35     1   2  2  
 3 Greg Campbell            Andrew Ladd              Brandon Yip              20     1   2  2  
 4 Kyle Turris              Zach Boychuk             Chuck Kobasew            10     1   2  2  

5 vs 5 Defense 
   Defense                  Defense                                           Time % Phy DF OF 
 1 Pernell Karl Subban      Jack Johnson                                      40     1   2  2  
 2 Jay Bouwmeester          Marc Staal                                        35     1   2  2  
 3 Johnny Boychuk           Dan Boyle                                         25     1   2  2  
 4 Marc Staal               Jack Johnson                                      0      1   2  2  

PowerPlay Forward 
   Center                   Left Wing                Right Wing               Time % Phy DF OF 
 1 Bryan Little             Mikkel Boedker           Corey Perry              60     1   2  2  
 2 Paul Stastny             Andrei Kostitsyn         Alexander Radulov        40     1   2  2  

PowerPlay Defense
   Defense                  Defense                                           Time % Phy DF OF 
 1 Jay Bouwmeester          Jack Johnson                                      60     1   2  2  
 2 Pernell Karl Subban      Marc Staal                                        40     1   2  2  

Penalty Kill 4 Players Forward 
   Center                   Wing                     Time % Phy DF OF 
 1 Andrew Ladd              Chuck Kobasew            60     1   2  2  
 2 Greg Campbell            Brandon Yip              40     1   2  2  

Penalty Kill 4 Players Defense
   Defense                  Defense                  Time % Phy DF OF 
 1 Marc Staal               Pernell Karl Subban      60     1   2  2  
 2 Jack Johnson             Johnny Boychuk           40     1   2  2  

Penalty Kill - 3 Players Forward 
   Forward                                           Time % Phy DF OF 
 1 Corey Perry                                       60     1   2  2  
 2 Mikkel Boedker                                    40     1   2  2  

Penalty Kill - 3 Players Defense
   Defense                  Defense                  Time % Phy DF OF 
 1 Marc Staal               Jack Johnson             60     1   2  2  
 2 Pernell Karl Subban      Johnny Boychuk           40     1   2  2  

4 vs 4 Forward 
   Center                   Wing                     Time % Phy DF OF 
 1 Corey Perry              Mikkel Boedker           60     1   2  2  
 2 Bryan Little             Andrei Kostitsyn         40     1   2  2  

4 vs 4 Defense
   Defense                  Defense                  Time % Phy DF OF 
 1 Marc Staal               Jack Johnson             60     1   2  2  
 2 Pernell Karl Subban      Johnny Boychuk           40     1   2  2  

Last Minutes Offensive
   Center                   Left Wing                Right Wing               Defense                  Defense                  
   Bryan Little             Mikkel Boedker           Corey Perry              Marc Staal               Jack Johnson             

Last Minutes Defensive
   Center                   Left Wing                Right Wing               Defense                  Defense                  
   Bryan Little             Andrew Ladd              Chuck Kobasew            Marc Staal               Jack Johnson             

Goaltenders
Starting : Semyon Varlamov          
Backup : Roberto Luongo           

Extra Forwards
Normal : Andrew Ladd, Alexander Radulov, Greg Campbell - PP : Andrew Ladd, Alexander Radulov - PK : Greg Campbell
Extra Defensemen
Normal : Jay Bouwmeester, Dan Boyle, Pernell Karl Subban - PP : Jay Bouwmeester - PK : Jay Bouwmeester, Pernell Karl Subban
Penalty Shots
Mikkel Boedker, Corey Perry, Kyle Turris, Bryan Little, Andrei Kostitsyn

Scratches
None


% Time on Ice - Rangers

Lines # - Real PCT - Wanted PCT - Time Play
Normal Forward
1 - 33% - 40% - 11:36
2 - 29% - 30% - 10:21
3 - 15% - 20% - 5:25
4 - 23% - 10% - 7:59
Normal Defense
1 - 47% - 40% - 16:47
2 - 34% - 30% - 11:57
3 - 17% - 20% - 6:10
4 - 1% - 10% - 0:27
PP Forward
1 - 55% - 60% - 3:53
2 - 45% - 40% - 3:11
PP Defense
1 - 72% - 60% - 5:06
2 - 28% - 40% - 1:58
PK Forward
1 - 77% - 60% - 10:54
2 - 23% - 40% - 3:18
PK Defense
1 - 64% - 60% - 9:08
2 - 36% - 40% - 5:04
PK3 Forward
1 - 78% - 60% - 0:46
2 - 22% - 40% - 0:13
PK3 Defense
1 - 100% - 60% - 0:59
2 - 0% - 40% - 0:00
44 Forward
1 - 80% - 60% - 2:47
2 - 20% - 40% - 0:43
44 Defense
1 - 77% - 60% - 2:42
2 - 23% - 40% - 0:48
Last Minute Offensive  - 0:00
Last Minute Defensive  - 0:00
Total
Forward - 61:06
Defense - 61:06

% Time on Ice - Avalanche

Lines # - Real PCT - Wanted PCT - Time Play
Normal Forward
1 - 28% - 35% - 9:44
2 - 28% - 35% - 9:46
3 - 29% - 20% - 10:14
4 - 16% - 10% - 5:37
Normal Defense
1 - 37% - 40% - 13:04
2 - 33% - 35% - 11:48
3 - 29% - 25% - 10:18
4 - 1% - 0% - 0:11
PP Forward
1 - 54% - 60% - 8:13
2 - 46% - 40% - 6:58
PP Defense
1 - 66% - 60% - 9:59
2 - 34% - 40% - 5:12
PK Forward
1 - 78% - 60% - 4:49
2 - 22% - 40% - 1:22
PK Defense
1 - 59% - 60% - 3:40
2 - 41% - 40% - 2:31
PK3 Forward
1 - 91% - 60% - 1:18
2 - 9% - 40% - 0:08
PK3 Defense
1 - 98% - 60% - 1:24
2 - 2% - 40% - 0:02
44 Forward
1 - 81% - 60% - 2:23
2 - 19% - 40% - 0:34
44 Defense
1 - 69% - 60% - 2:03
2 - 31% - 40% - 0:54
Last Minute Offensive  - 0:00
Last Minute Defensive  - 0:00
Total
Forward - 61:06
Defense - 61:06

Play by Play

1st period


0:01 of 1st period - Corey Perry wins face-off versus Patrice Bergeron in neutral zone.
0:16 of 1st period - Wrist shot by Jakob Silfverberg.
0:16 of 1st period - Shot Misses the Net.
1:56 of 1st period - Snap shot by Mikkel Boedker.
1:56 of 1st period - Stopped by Frederik Andersen without a rebound.
1:57 of 1st period - Patrice Bergeron wins face-off versus Corey Perry in Rangers zone.
1:57 of 1st period - Patrice Bergeron is hit by Corey Perry.
2:31 of 1st period - Wrist shot by Paul Stastny.
2:31 of 1st period - Shot Misses the Net.
2:57 of 1st period - Slapshot by Andrew Ladd.
2:57 of 1st period - Stopped by Frederik Andersen with a rebound.
3:11 of 1st period - Off-side.
3:12 of 1st period - Artem Anisimov wins face-off versus Mikkel Boedker in neutral zone.
3:52 of 1st period - Snap shot by Jakob Silfverberg.
3:52 of 1st period - Stopped by Semyon Varlamov without a rebound.
3:53 of 1st period - Sean Couturier wins face-off versus Greg Campbell in Avalanche zone.
3:58 of 1st period - Snap shot by Sean Couturier.
3:58 of 1st period - Shot Blocked by Marc Staal.
4:18 of 1st period - Patrice Bergeron is hit by Mikkel Boedker and loses puck.
4:39 of 1st period - Wrist shot by Alex Tanguay.
4:39 of 1st period - Shot Misses the Net.
4:59 of 1st period - Snap shot by Corey Perry.
4:59 of 1st period - Stopped by Frederik Andersen without a rebound.
5:00 of 1st period - Alexander Radulov wins face-off versus Sean Couturier in Rangers zone.
5:01 of 1st period - Slapshot by Paul Stastny.
5:01 of 1st period - Shot Misses the Net.
5:11 of 1st period - Cam Barker is hit by Dan Boyle and loses puck.
5:30 of 1st period - Jack Johnson is hit by Jakob Silfverberg.
5:36 of 1st period - Backhand shot by Patrice Bergeron.
5:36 of 1st period - Stopped by Semyon Varlamov with a rebound.
5:38 of 1st period - Snap shot by Jakob Silfverberg.
5:38 of 1st period - Shot Misses the Net.
5:40 of 1st period - Slapshot by Patrice Bergeron.
5:40 of 1st period - Shot Blocked by Pernell Karl Subban.
6:36 of 1st period - Wrist shot by Stephen Weiss.
6:36 of 1st period - Shot Misses the Net.
6:42 of 1st period - Snap shot by Magnus Paajarvi-Svensson.
6:42 of 1st period - Shot Blocked by Johnny Boychuk.
6:47 of 1st period - Minor Penalty to Johnny Boychuk for Hooking.
6:48 of 1st period - Patrice Bergeron wins face-off versus Andrew Ladd in Avalanche zone.
6:48 of 1st period - Slapshot by Milan Lucic.
6:48 of 1st period - Shot Blocked by Pernell Karl Subban.
6:50 of 1st period - Slapshot by Stephen Weiss.
6:50 of 1st period - Deflect By Marc Staal.
6:50 of 1st period - Stopped by Semyon Varlamov without a rebound.
6:51 of 1st period - Andrew Ladd wins face-off versus Patrice Bergeron in Avalanche zone.
7:58 of 1st period - Minor Penalty to Jakob Silfverberg for Hooking.
7:59 of 1st period - Corey Perry wins face-off versus Patrice Bergeron in Rangers zone.
8:47 of 1st period - Penalty to Johnny Boychuk is over, Johnny Boychuk is back on ice.
9:06 of 1st period - Wrist shot by Alexander Radulov.
9:06 of 1st period - Stopped by Frederik Andersen with a rebound.
9:08 of 1st period - Slapshot by Pernell Karl Subban.
9:08 of 1st period - Shot Misses the Net.
9:10 of 1st period - Snap shot by Paul Stastny.
9:10 of 1st period - Shot Blocked by Alexei Emelin.
9:12 of 1st period - Slapshot by Pernell Karl Subban.
9:12 of 1st period - Shot Blocked by Sean Couturier.
9:14 of 1st period - Slapshot by Pernell Karl Subban.
9:14 of 1st period - Stopped by Frederik Andersen without a rebound.
9:15 of 1st period - Alexander Radulov wins face-off versus Patrice Bergeron in Rangers zone.
9:20 of 1st period - Snap shot by Alexander Radulov.
9:20 of 1st period - Shot Misses the Net.
9:22 of 1st period - Snap shot by Paul Stastny.
9:22 of 1st period - Stopped by Frederik Andersen without a rebound.
9:23 of 1st period - Paul Stastny wins face-off versus Patrice Bergeron in Rangers zone.
9:30 of 1st period - Wrist shot by Paul Stastny.
9:30 of 1st period - Shot Blocked by Patrice Bergeron.
9:46 of 1st period - Icing by Jack Johnson.
9:47 of 1st period - Paul Stastny wins face-off versus Patrice Bergeron in Avalanche zone.
9:58 of 1st period - Penalty to Jakob Silfverberg is over, Jakob Silfverberg is back on ice.
10:01 of 1st period - Off-side.
10:02 of 1st period - Sean Couturier wins face-off versus Bryan Little in neutral zone.
10:13 of 1st period - Snap shot by Bryan Little.
10:13 of 1st period - Stopped by Frederik Andersen without a rebound.
10:14 of 1st period - Patrice Bergeron wins face-off versus Paul Stastny in Rangers zone.
10:16 of 1st period - Minor Penalty to Patrice Bergeron for Holding.
10:17 of 1st period - Mikkel Boedker wins face-off versus Sean Couturier in Rangers zone.
10:43 of 1st period - Alexander Radulov is hit by Cam Barker and loses puck.
11:28 of 1st period - Sean Couturier is hit by Bryan Little and loses puck.
11:47 of 1st period - Colten Teubert is hit by Alexander Radulov and loses puck.
12:15 of 1st period - Icing by Pernell Karl Subban.
12:16 of 1st period - Penalty to Patrice Bergeron is over, Patrice Bergeron is back on ice.
12:16 of 1st period - Paul Stastny wins face-off versus Jakob Silfverberg in Avalanche zone.
13:10 of 1st period - Wrist shot by Magnus Paajarvi-Svensson.
13:10 of 1st period - Shot Hit the Post.
13:31 of 1st period - Snap shot by Alex Tanguay.
13:31 of 1st period - Stopped by Semyon Varlamov without a rebound.
13:32 of 1st period - Patrice Bergeron wins face-off versus Greg Campbell in Avalanche zone.
13:35 of 1st period - Snap shot by Patrice Bergeron.
13:35 of 1st period - Stopped by Semyon Varlamov without a rebound.
13:36 of 1st period - Patrice Bergeron wins face-off versus Greg Campbell in Avalanche zone.
13:43 of 1st period - Snap shot by Brandon Yip.
13:43 of 1st period - Goal by Brandon Yip - Rangers : 0 - Avalanche : 1.
13:44 of 1st period - Jakob Silfverberg wins face-off versus Paul Stastny in neutral zone.
13:44 of 1st period - Jakob Silfverberg is hit by Andrei Kostitsyn.
13:47 of 1st period - Cam Barker is hit by Jack Johnson and loses puck.
14:04 of 1st period - Minor Penalty to Paul Stastny for Interference.
14:05 of 1st period - Andrew Ladd wins face-off versus Jakob Silfverberg in Avalanche zone.
15:23 of 1st period - Johnny Boychuk is hit by Sean Couturier and loses puck.
15:34 of 1st period - Jack Johnson is hit by Stephen Weiss and loses puck.
16:04 of 1st period - Penalty to Paul Stastny is over, Paul Stastny is back on ice.
16:11 of 1st period - Wrist shot by Jay Bouwmeester.
16:11 of 1st period - Deflect By Ryan Suter.
16:11 of 1st period - Stopped by Frederik Andersen without a rebound.
16:12 of 1st period - Chris Bourque wins face-off versus Bryan Little in Rangers zone.
16:17 of 1st period - Jay Bouwmeester is hit by Chris Bourque and loses puck.
16:38 of 1st period - Colten Teubert is hit by Paul Stastny and loses puck.
16:45 of 1st period - Alex Tanguay is hit by Alexander Radulov and loses puck.
17:12 of 1st period - Slapshot by Chuck Kobasew.
17:12 of 1st period - Deflect By Kyle Turris.
17:12 of 1st period - Shot Blocked by Jakob Silfverberg.
17:12 of 1st period - Puck is out of play.
17:13 of 1st period - Kyle Turris wins face-off versus Patrice Bergeron in Rangers zone.
17:22 of 1st period - Pernell Karl Subban is hit by Patrice Bergeron and loses puck.
18:04 of 1st period - Off-side.
18:05 of 1st period - Greg Campbell wins face-off versus Jakob Silfverberg in neutral zone.
18:16 of 1st period - Slapshot by Greg Campbell.
18:16 of 1st period - Shot Misses the Net.
18:33 of 1st period - Minor Penalty to Greg Campbell for Slashing.
18:34 of 1st period - Patrice Bergeron wins face-off versus Andrew Ladd in Avalanche zone.
18:50 of 1st period - Off-side.
18:51 of 1st period - Andrew Ladd wins face-off versus Sean Couturier in neutral zone.
19:02 of 1st period - Snap shot by Magnus Paajarvi-Svensson.
19:02 of 1st period - Stopped by Semyon Varlamov without a rebound.
19:03 of 1st period - Andrew Ladd wins face-off versus Patrice Bergeron in Avalanche zone.
19:03 of 1st period - Andrew Ladd is hit by Jakob Silfverberg.
19:06 of 1st period - Minor Penalty to Andrew Ladd for Interference.
19:07 of 1st period - Corey Perry wins face-off versus Patrice Bergeron in Avalanche zone.
19:33 of 1st period - Marc Staal is hit by Cam Barker and loses puck.
Goals for this period are 0 for Rangers vs 1 for Avalanche.
Shots for this period are 6 for Rangers vs 9 for Avalanche.
0:00 of 2nd period - Minor Penalty to Magnus Paajarvi-Svensson for Delaying the game.

2nd period


0:01 of 2nd period - Patrice Bergeron wins face-off versus Corey Perry in neutral zone.
0:08 of 2nd period - Snap shot by Patrice Bergeron.
0:08 of 2nd period - Stopped by Semyon Varlamov with a rebound.
0:10 of 2nd period - Snap shot by Patrice Bergeron.
0:10 of 2nd period - Stopped by Semyon Varlamov without a rebound.
0:11 of 2nd period - Patrice Bergeron wins face-off versus Corey Perry in Avalanche zone.
0:26 of 2nd period - Slapshot by Jack Johnson.
0:26 of 2nd period - Shot Misses the Net.
0:33 of 2nd period - Penalty to Greg Campbell is over, Greg Campbell is back on ice.
0:38 of 2nd period - Marc Staal is hit by Milan Lucic and loses puck.
0:53 of 2nd period - Slapshot by Jack Johnson.
0:53 of 2nd period - Shot Blocked by Patrice Bergeron.
1:06 of 2nd period - Penalty to Andrew Ladd is over, Andrew Ladd is back on ice.
1:07 of 2nd period - Snap shot by Patrice Bergeron.
1:07 of 2nd period - Stopped by Semyon Varlamov without a rebound.
1:08 of 2nd period - Sean Couturier wins face-off versus Alexander Radulov in Avalanche zone.
1:09 of 2nd period - Wrist shot by Matt Read.
1:09 of 2nd period - Goal by Matt Read - Rangers : 1 - Avalanche : 1.
1:10 of 2nd period - Bryan Little wins face-off versus Patrice Bergeron in neutral zone.
1:33 of 2nd period - Snap shot by Patrice Bergeron.
1:33 of 2nd period - Goal by Patrice Bergeron - Rangers : 2 - Avalanche : 1.
1:34 of 2nd period - Bryan Little wins face-off versus Patrice Bergeron in neutral zone.
2:00 of 2nd period - Penalty to Magnus Paajarvi-Svensson is over, Magnus Paajarvi-Svensson is back on ice.
2:04 of 2nd period - Snap shot by Alexander Radulov.
2:04 of 2nd period - Stopped by Frederik Andersen with a rebound.
2:06 of 2nd period - Wrist shot by Paul Stastny.
2:06 of 2nd period - Shot Misses the Net.
2:08 of 2nd period - Slapshot by Jack Johnson.
2:08 of 2nd period - Shot Blocked by Cam Barker.
2:24 of 2nd period - Slapshot by Cam Barker.
2:24 of 2nd period - Stopped by Semyon Varlamov without a rebound.
2:25 of 2nd period - Chris Bourque wins face-off versus Bryan Little in Avalanche zone.
2:30 of 2nd period - Wrist shot by Chris Bourque.
2:30 of 2nd period - Shot Blocked by Bryan Little.
2:48 of 2nd period - Snap shot by Chris Bourque.
2:48 of 2nd period - Stopped by Semyon Varlamov with a rebound.
3:12 of 2nd period - Johnny Boychuk is hit by Ryan Suter and loses puck.
3:21 of 2nd period - Snap shot by Chris Bourque.
3:21 of 2nd period - Deflect By Artem Anisimov.
3:21 of 2nd period - Stopped by Semyon Varlamov with a rebound.
3:47 of 2nd period - Snap shot by Mikkel Boedker.
3:47 of 2nd period - Shot Misses the Net.
3:49 of 2nd period - Snap shot by Mikkel Boedker.
3:49 of 2nd period - Stopped by Frederik Andersen with a rebound.
3:53 of 2nd period - Slapshot by Mikkel Boedker.
3:53 of 2nd period - Goal by Mikkel Boedker - Rangers : 2 - Avalanche : 2.
3:54 of 2nd period - Patrice Bergeron wins face-off versus Paul Stastny in neutral zone.
4:21 of 2nd period - Andrew Ladd is hit by Magnus Paajarvi-Svensson and loses puck.
5:23 of 2nd period - Snap shot by James Neal.
5:23 of 2nd period - Shot Misses the Net.
5:25 of 2nd period - Slapshot by Sean Couturier.
5:25 of 2nd period - Shot Misses the Net.
5:45 of 2nd period - Slapshot by James Neal.
5:45 of 2nd period - Shot Misses the Net.
6:26 of 2nd period - Marc Staal is hit by Ryan Suter and loses puck.
7:12 of 2nd period - Slapshot by Jay Bouwmeester.
7:12 of 2nd period - Shot Misses the Net.
7:18 of 2nd period - Andrew Ladd is hit by James Neal and loses puck.
7:29 of 2nd period - Wrist shot by James Neal.
7:29 of 2nd period - Shot Misses the Net.
7:31 of 2nd period - Snap shot by James Neal.
7:31 of 2nd period - Shot Misses the Net.
7:33 of 2nd period - Wrist shot by James Neal.
7:33 of 2nd period - Shot Blocked by Jay Bouwmeester.
7:35 of 2nd period - Snap shot by Magnus Paajarvi-Svensson.
7:35 of 2nd period - Stopped by Semyon Varlamov without a rebound.
7:36 of 2nd period - Patrice Bergeron wins face-off versus Paul Stastny in Avalanche zone.
7:43 of 2nd period - Wrist shot by Milan Lucic.
7:43 of 2nd period - Goal by Milan Lucic - Rangers : 3 - Avalanche : 2.
7:44 of 2nd period - Patrice Bergeron wins face-off versus Paul Stastny in neutral zone.
8:05 of 2nd period - Icing by Pernell Karl Subban.
8:06 of 2nd period - Andrei Kostitsyn wins face-off versus Stephen Weiss in Avalanche zone.
8:15 of 2nd period - Pernell Karl Subban is hit by Stephen Weiss and loses puck.
8:44 of 2nd period - Snap shot by Jakob Silfverberg.
8:44 of 2nd period - Shot Misses the Net.
9:19 of 2nd period - Matt Read is hit by Paul Stastny and loses puck.
9:36 of 2nd period - Slapshot by Milan Lucic.
9:36 of 2nd period - Shot Blocked by Johnny Boychuk.
9:50 of 2nd period - Wrist shot by Stephen Weiss.
9:50 of 2nd period - Deflect By Alex Tanguay.
9:50 of 2nd period - Stopped by Semyon Varlamov with a rebound.
10:09 of 2nd period - Minor Penalty to Artem Anisimov for Holding.
10:10 of 2nd period - Bryan Little wins face-off versus Patrice Bergeron in Rangers zone.
12:09 of 2nd period - Penalty to Artem Anisimov is over, Artem Anisimov is back on ice.
12:41 of 2nd period - Milan Lucic is hit by Johnny Boychuk and loses puck.
14:05 of 2nd period - Bryan Little is hit by Jakob Silfverberg and loses puck.
14:34 of 2nd period - Chris Bourque is hit by Alexander Radulov and loses puck.
14:52 of 2nd period - Minor Penalty to Jakob Silfverberg for Interference.
14:53 of 2nd period - Mikkel Boedker wins face-off versus Patrice Bergeron in Rangers zone.
14:58 of 2nd period - Wrist shot by Bryan Little.
14:58 of 2nd period - Shot Misses the Net.
15:00 of 2nd period - Snap shot by Corey Perry.
15:00 of 2nd period - Shot Misses the Net.
15:16 of 2nd period - Marc Staal is hit by Cam Barker and loses puck.
15:23 of 2nd period - Backhand shot by Matt Greene.
15:23 of 2nd period - Shot Misses the Net.
15:25 of 2nd period - Wrist shot by Sean Couturier.
15:25 of 2nd period - Goal by Sean Couturier - Rangers : 4 - Avalanche : 2.
15:25 of 2nd period - Roberto Luongo enters game.
15:26 of 2nd period - Bryan Little wins face-off versus Patrice Bergeron in neutral zone.
15:29 of 2nd period - Slapshot by Jay Bouwmeester.
15:29 of 2nd period - Shot Blocked by Cam Barker.
16:31 of 2nd period - Mikkel Boedker is hit by Matt Greene and loses puck.
16:52 of 2nd period - Penalty to Jakob Silfverberg is over, Jakob Silfverberg is back on ice.
17:04 of 2nd period - Snap shot by Gustav Nyquist.
17:04 of 2nd period - Shot Misses the Net.
17:06 of 2nd period - Wrist shot by Chris Bourque.
17:06 of 2nd period - Stopped by Roberto Luongo without a rebound.
17:07 of 2nd period - Patrice Bergeron wins face-off versus Greg Campbell in Avalanche zone.
17:10 of 2nd period - Snap shot by Milan Lucic.
17:10 of 2nd period - Shot Misses the Net.
17:51 of 2nd period - Snap shot by Mikkel Boedker.
17:51 of 2nd period - Deflect By Corey Perry.
17:51 of 2nd period - Stopped by Frederik Andersen with a rebound.
17:57 of 2nd period - Bryan Little is hit by Matt Greene and loses puck.
18:12 of 2nd period - Zach Boychuk is hit by Jakob Silfverberg and loses puck.
18:35 of 2nd period - Wrist shot by Brandon Yip.
18:35 of 2nd period - Shot Misses the Net.
18:37 of 2nd period - Slapshot by Brandon Yip.
18:37 of 2nd period - Shot Misses the Net.
18:53 of 2nd period - Slapshot by Andrei Kostitsyn.
18:53 of 2nd period - Shot Blocked by Ryan Suter.
18:55 of 2nd period - Slapshot by Alexander Radulov.
18:55 of 2nd period - Stopped by Frederik Andersen without a rebound.
18:56 of 2nd period - Bryan Little wins face-off versus Patrice Bergeron in Rangers zone.
19:12 of 2nd period - Minor Penalty to Mark Fistric for Hooking.
19:13 of 2nd period - Bryan Little wins face-off versus Patrice Bergeron in Rangers zone.
19:23 of 2nd period - Slapshot by Mikkel Boedker.
19:23 of 2nd period - Goal by Mikkel Boedker - Rangers : 4 - Avalanche : 3.
19:24 of 2nd period - Patrice Bergeron wins face-off versus Bryan Little in neutral zone.
19:27 of 2nd period - Jack Johnson is hit by Milan Lucic and loses puck.
19:36 of 2nd period - Milan Lucic is hit by Bryan Little and loses puck.
19:51 of 2nd period - Backhand shot by Paul Stastny.
19:51 of 2nd period - Stopped by Frederik Andersen without a rebound.
19:52 of 2nd period - James Neal wins face-off versus Paul Stastny in Rangers zone.
Goals for this period are 4 for Rangers vs 2 for Avalanche.
Shots for this period are 13 for Rangers vs 7 for Avalanche.

3rd period


0:01 of 3rd period - Paul Stastny wins face-off versus Patrice Bergeron in neutral zone.
0:04 of 3rd period - Wrist shot by Jack Johnson.
0:04 of 3rd period - Shot Misses the Net.
0:06 of 3rd period - Wrist shot by Alexander Radulov.
0:06 of 3rd period - Shot Blocked by Ryan Suter.
0:08 of 3rd period - Wrist shot by Alexander Radulov.
0:08 of 3rd period - Shot Misses the Net.
0:10 of 3rd period - Snap shot by Pernell Karl Subban.
0:10 of 3rd period - Stopped by Frederik Andersen with a rebound.
0:12 of 3rd period - Snap shot by Paul Stastny.
0:12 of 3rd period - Stopped by Frederik Andersen without a rebound.
0:13 of 3rd period - Bryan Little wins face-off versus Patrice Bergeron in Rangers zone.
0:52 of 3rd period - Slapshot by Jack Johnson.
0:52 of 3rd period - Shot Blocked by Ryan Suter.
1:34 of 3rd period - Snap shot by Chuck Kobasew.
1:34 of 3rd period - Shot Blocked by Mark Fistric.
2:16 of 3rd period - Minor Penalty to James Neal for Hooking.
2:17 of 3rd period - Bryan Little wins face-off versus Patrice Bergeron in Rangers zone.
2:19 of 3rd period - Wrist shot by Bryan Little.
2:19 of 3rd period - Stopped by Frederik Andersen without a rebound.
2:20 of 3rd period - Bryan Little wins face-off versus Patrice Bergeron in Rangers zone.
2:43 of 3rd period - Cam Barker is hit by Bryan Little.
3:17 of 3rd period - Snap shot by Mikkel Boedker.
3:17 of 3rd period - Stopped by Frederik Andersen without a rebound.
3:18 of 3rd period - Paul Stastny wins face-off versus Patrice Bergeron in Rangers zone.
3:57 of 3rd period - Icing by Paul Stastny.
3:58 of 3rd period - Sean Couturier wins face-off versus Paul Stastny in Avalanche zone.
4:16 of 3rd period - Penalty to James Neal is over, James Neal is back on ice.
4:20 of 3rd period - Snap shot by Andrei Kostitsyn.
4:20 of 3rd period - Stopped by Frederik Andersen without a rebound.
4:21 of 3rd period - Stephen Weiss wins face-off versus Bryan Little in Rangers zone.
4:53 of 3rd period - Snap shot by Milan Lucic.
4:53 of 3rd period - Stopped by Roberto Luongo with a rebound.
4:55 of 3rd period - Backhand shot by Alexei Emelin.
4:55 of 3rd period - Stopped by Roberto Luongo with a rebound.
5:07 of 3rd period - Ryan Suter is hit by Zach Boychuk and loses puck.
5:31 of 3rd period - Cam Barker is hit by Jack Johnson and loses puck.
6:27 of 3rd period - Wrist shot by Gustav Nyquist.
6:27 of 3rd period - Stopped by Roberto Luongo without a rebound.
6:28 of 3rd period - Patrice Bergeron wins face-off versus Paul Stastny in Avalanche zone.
6:29 of 3rd period - Snap shot by Milan Lucic.
6:29 of 3rd period - Shot Misses the Net.
6:35 of 3rd period - Patrice Bergeron is hit by Dan Boyle and loses puck.
6:40 of 3rd period - Wrist shot by Paul Stastny.
6:40 of 3rd period - Stopped by Frederik Andersen with a rebound.
6:58 of 3rd period - Minor Penalty to Matt Greene for Holding.
6:59 of 3rd period - Patrice Bergeron wins face-off versus Bryan Little in Rangers zone.
7:29 of 3rd period - Wrist shot by Paul Stastny.
7:29 of 3rd period - Goal by Paul Stastny - Rangers : 4 - Avalanche : 4.
7:30 of 3rd period - Patrice Bergeron wins face-off versus Paul Stastny in neutral zone.
7:34 of 3rd period - Minor Penalty to Mark Fistric for Hooking.
7:35 of 3rd period - Bryan Little wins face-off versus Patrice Bergeron in Rangers zone.
7:46 of 3rd period - Wrist shot by Mikkel Boedker.
7:46 of 3rd period - Stopped by Frederik Andersen with a rebound.
7:48 of 3rd period - Slapshot by Jack Johnson.
7:48 of 3rd period - Stopped by Frederik Andersen with a rebound.
7:50 of 3rd period - Slapshot by Jay Bouwmeester.
7:50 of 3rd period - Shot Misses the Net.
7:52 of 3rd period - Snap shot by Corey Perry.
7:52 of 3rd period - Stopped by Frederik Andersen without a rebound.
7:53 of 3rd period - Paul Stastny wins face-off versus Patrice Bergeron in Rangers zone.
8:06 of 3rd period - Slapshot by Andrei Kostitsyn.
8:06 of 3rd period - Shot Misses the Net.
8:08 of 3rd period - Wrist shot by Andrei Kostitsyn.
8:08 of 3rd period - Shot Misses the Net.
8:10 of 3rd period - Slapshot by Jay Bouwmeester.
8:10 of 3rd period - Stopped by Frederik Andersen without a rebound.
8:11 of 3rd period - Bryan Little wins face-off versus Patrice Bergeron in Rangers zone.
8:12 of 3rd period - Wrist shot by Mikkel Boedker.
8:12 of 3rd period - Stopped by Frederik Andersen with a rebound.
8:18 of 3rd period - Backhand shot by Bryan Little.
8:18 of 3rd period - Stopped by Frederik Andersen with a rebound.
8:34 of 3rd period - Minor Penalty to Alexei Emelin for Roughing.
8:35 of 3rd period - Bryan Little wins face-off versus Jakob Silfverberg in Rangers zone.
8:46 of 3rd period - Wrist shot by Mikkel Boedker.
8:46 of 3rd period - Shot Blocked by Cam Barker.
9:34 of 3rd period - Penalty to Mark Fistric is over, Mark Fistric is back on ice.
10:34 of 3rd period - Penalty to Alexei Emelin is over, Alexei Emelin is back on ice.
10:36 of 3rd period - Matt Read is hit by Corey Perry and loses puck.
10:47 of 3rd period - Alexei Emelin is hit by Pernell Karl Subban and loses puck.
11:10 of 3rd period - Snap shot by Chris Bourque.
11:10 of 3rd period - Stopped by Roberto Luongo without a rebound.
11:11 of 3rd period - Greg Campbell wins face-off versus Artem Anisimov in Avalanche zone.
11:21 of 3rd period - Off-side.
11:22 of 3rd period - Paul Stastny wins face-off versus Patrice Bergeron in neutral zone.
11:44 of 3rd period - Minor Penalty to Jack Johnson for Interference.
11:45 of 3rd period - Andrew Ladd wins face-off versus Jakob Silfverberg in Avalanche zone.
11:45 of 3rd period - Andrew Ladd is hit by Patrice Bergeron.
11:52 of 3rd period - Icing by Jakob Silfverberg.
11:53 of 3rd period - Andrew Ladd wins face-off versus Patrice Bergeron in Rangers zone.
11:54 of 3rd period - Wrist shot by Chuck Kobasew.
11:54 of 3rd period - Deflect By Andrew Ladd.
11:54 of 3rd period - Shot Blocked by Stephen Weiss.
11:54 of 3rd period - Puck is out of play.
11:55 of 3rd period - Patrice Bergeron wins face-off versus Andrew Ladd in Rangers zone.
12:11 of 3rd period - Snap shot by Patrice Bergeron.
12:11 of 3rd period - Shot Misses the Net.
12:41 of 3rd period - Slapshot by Magnus Paajarvi-Svensson.
12:41 of 3rd period - Stopped by Roberto Luongo with a rebound.
12:43 of 3rd period - Wrist shot by Sean Couturier.
12:43 of 3rd period - Goal by Sean Couturier - Rangers : 5 - Avalanche : 4.
12:44 of 3rd period - Sean Couturier wins face-off versus Bryan Little in neutral zone.
12:49 of 3rd period - Slapshot by Matt Greene.
12:49 of 3rd period - Stopped by Roberto Luongo without a rebound.
12:50 of 3rd period - Bryan Little wins face-off versus Sean Couturier in Avalanche zone.
13:17 of 3rd period - Snap shot by James Neal.
13:17 of 3rd period - Stopped by Roberto Luongo without a rebound.
13:18 of 3rd period - Patrice Bergeron wins face-off versus Paul Stastny in Avalanche zone.
13:49 of 3rd period - Jack Johnson is hit by Stephen Weiss.
14:01 of 3rd period - Minor Penalty to Matt Read for Interference.
14:02 of 3rd period - Patrice Bergeron wins face-off versus Bryan Little in Rangers zone.
14:29 of 3rd period - Cam Barker is hit by Andrei Kostitsyn and loses puck.
15:30 of 3rd period - Minor Penalty to Paul Stastny for Interference.
15:31 of 3rd period - Corey Perry wins face-off versus Patrice Bergeron in Avalanche zone.
16:01 of 3rd period - Penalty to Matt Read is over, Matt Read is back on ice.
16:59 of 3rd period - Sean Couturier is hit by Andrei Kostitsyn and loses puck.
17:30 of 3rd period - Penalty to Paul Stastny is over, Paul Stastny is back on ice.
17:46 of 3rd period - Slapshot by Alexander Radulov.
17:46 of 3rd period - Goal by Alexander Radulov - Rangers : 5 - Avalanche : 5.
17:47 of 3rd period - Patrice Bergeron wins face-off versus Greg Campbell in neutral zone.
18:12 of 3rd period - Magnus Paajarvi-Svensson is hit by Kyle Turris and loses puck.
18:23 of 3rd period - Wrist shot by Chuck Kobasew.
18:23 of 3rd period - Deflect By Kyle Turris.
18:23 of 3rd period - Stopped by Frederik Andersen with a rebound.
19:50 of 3rd period - Snap shot by Chuck Kobasew.
19:50 of 3rd period - Shot Misses the Net.
19:52 of 3rd period - Slapshot by Johnny Boychuk.
19:52 of 3rd period - Stopped by Frederik Andersen without a rebound.
19:53 of 3rd period - Greg Campbell wins face-off versus Patrice Bergeron in Rangers zone.
Goals for this period are 1 for Rangers vs 2 for Avalanche.
Shots for this period are 8 for Rangers vs 16 for Avalanche.

Overtime #1


0:01 of 1st overtime period - Corey Perry wins face-off versus Milan Lucic in neutral zone.
0:36 of 1st overtime period - Icing by Patrice Bergeron.
0:37 of 1st overtime period - Bryan Little wins face-off versus Jakob Silfverberg in Rangers zone.
0:40 of 1st overtime period - Slapshot by Bryan Little.
0:40 of 1st overtime period - Shot Blocked by Alexei Emelin.
0:42 of 1st overtime period - Wrist shot by Andrei Kostitsyn.
0:42 of 1st overtime period - Stopped by Frederik Andersen with a rebound.
0:48 of 1st overtime period - Snap shot by Bryan Little.
0:48 of 1st overtime period - Stopped by Frederik Andersen with a rebound.
1:06 of 1st overtime period - Wrist shot by Jakob Silfverberg.
1:06 of 1st overtime period - Goal by Jakob Silfverberg - Rangers : 6 - Avalanche : 5.
Goals for this period are 1 for Rangers vs 0 for Avalanche.
Shots for this period are 1 for Rangers vs 2 for Avalanche.